 Dungeon Crawl Stone Soup version 0.30-a0-847-g17996783a1 (webtiles) character file.

Game seed: 9709521237695816479

1743 Demosthentine the Trooper (level 8, -2/64 HPs)
             Began as a Demonspawn Gladiator on Mar 3, 2023.
             Was an Initiate of Qazlal.
             Succumbed to a hornet's poison
             ... on level 6 of the Dungeon.
             The game lasted 00:05:40 (5261 turns).

Demosthentine the Trooper (Demonspawn Gladiator)    Turns: 5261, Time: 00:05:41

Health: -2/64      AC: 12    Str: 17    XL:     8   Next: 77%
Magic:  8/8        EV: 14    Int: 15    God:    Qazlal [......]
Gold:   244        SH:  4    Dex: 15    Spells: 7/7 levels left

rFire   . . .      SeeInvis .    a - +0 trident
rCold   + . .      Faith    .    (no shield)
rNeg    + . .      Spirit   .    q - +1 leather armour {rN+}
rPois   .          Reflect  .    u - +2 hat
rElec   .          Rampage  .    o - +0 cloak
rCorr   .                        i - +0 pair of gloves
Will    .....                    (no boots)
Stlth   +                        (no amulet)
HPRegen 0.30/turn                f - +6 ring of intelligence
MPRegen 0.11/turn                p - ring of protection from cold

@: lethally poisoned (-2 -> -20), slowed, studying Evocations, very slow
A: horns 2, icy blue scales 2, condensation shield
a: Renounce Religion


You were on level 6 of the Dungeon.
You worshipped Qazlal.
Qazlal was noncommittal.
You visited 2 branches of the dungeon, and saw 8 of its levels.

You collected 244 gold pieces.

Inventory:

Hand Weapons
 a - a +0 trident (weapon)
Missiles
 d - a throwing net (quivered)
 e - a javelin
Armour
 i - a +0 pair of gloves (worn)
 o - a +0 cloak (worn)
 q - a +1 leather armour of positive energy (worn)
 u - a +2 hat (worn)
Jewellery
 f - a +6 ring of intelligence (left hand)
 p - a ring of protection from cold (right hand)
Wands
 x - a wand of flame (19)
Scrolls
 h - 2 scrolls of teleportation
 v - a scroll of fear
 w - a scroll of fog {unknown}
 y - a scroll of identify
Potions
 b - 3 potions of degeneration {unknown}
 c - 2 potions of haste
 g - a potion of cancellation
 j - a potion of lignification
 k - a potion of ambrosia {unknown}
 l - a potion of might
 m - a potion of brilliance {unknown}
 r - a potion of flight {unknown}
 s - a potion of invisibility {unknown}
 t - a potion of resistance {unknown}


   Skills:
 + Level 5.9 Fighting
 + Level 5.8 Polearms
 - Level 1.7 Throwing
 + Level 5.0 Armour
 + Level 5.8 Dodging


You had 7 spell levels left.
You didn't know any spells.
Your spell library contained the following spells:

 Spells                   Type           Power      Damage    Failure   Level
 Sting                    Tmut/Pois      0%         1d3       32%         1
 Blink                    Tloc           0%         N/A       43%         2
 Cigotuvi's Dreadful Rot  Necr/Pois/Air  0%         N/A       43%         2
 Lesser Beckoning         Tloc           0%         N/A       43%         2
 Momentum Strike          Conj/Tloc      0%         3d8       43%         2
 Poisonous Vapours        Pois/Air       0%         N/A       43%         2
 Mephitic Cloud           Conj/Pois/Air  0%         N/A       67%         3
 Olgreb's Toxic Radiance  Pois           0%         N/A       97%         4
 Fireball                 Conj/Fire      0%         3d3       100%        5
 Iskenderun's Battlesphe  Conj           0%         2d6       100%        5
 Conjure Ball Lightning   Conj/Air       0%         3x3d6     100%        6
 Orb of Destruction       Conj           0%         9d5       100%        7


Dungeon Overview and Level Annotations

Branches:
Dungeon (7/15)             Temple (1/1) D:6

Altars:
Ashenzari
Dithmenos
Hepliaklqana
Kikubaaqudgha
Makhleb
Nemelex Xobeh
Okawaru
Qazlal
Ru
Trog
Uskayaw
Vehumet
Wu Jian
Xom
Yredelemnul


Innate Abilities, Weirdness & Mutations

You have a pair of horns on your head.
You are mostly covered in icy blue scales. (AC +3)
A meltable shield of frost defends you. (SH +4)


Message History

You feel sick.
You are no longer poisoned.
The hornet stings you.
You are poisoned.
You suddenly lose the ability to move!
You feel sick. The hornet completely misses you.
You feel sick. The hornet stings you!
You feel yourself slow down. The hornet stings you!
* * * LOW HITPOINT WARNING * * *
You are more poisoned.
You feel as though you will be slow longer.
You can move again.
Unknown command.
Unknown command.
You feel much better.
You feel very sick. The hornet closely misses you. x2
You barely miss the hornet.
The hornet is moderately wounded.
You feel very sick. The hornet completely misses you. The hornet misses you.
You miss the hornet.
The hornet is moderately wounded.
You feel yourself speed up.
You feel very sick. The hornet stings you!
You are more poisoned.
You feel yourself slow down. The hornet stings you!
* * * LOW HITPOINT WARNING * * *
You are more poisoned.
You feel as though you will be slow longer.
You hit the hornet.
The hornet is moderately wounded.
* * * LOW HITPOINT WARNING * * *
You feel extremely sick. The hornet completely misses you.
The hornet stings you but does no damage.
You barely miss the hornet.
The hornet is moderately wounded.
You die...

#..#####.###.###.#.....##..######
#................#.....###.#≈≈≈≈#
...##....###..#######..# #.#≈_.≈'
#####.######.....#.....###.#≈8>≈'
#.........##.#.........#≈≈≈≈#
#..#####...#.#.#.#####.###### ###
#..# #.#(#...#.# #....... ..#
#..# #.#.##.##.# ###.....
#<###..# #..hy@.##.# #.####
.......# #...##....# #.# ..####.#
#...##.#### #.# ..# #.# #.>.##.#
#.# ..####.# #...##.# #.#
.=.....# #...##.# #.# ..######
#...##.##########.# ..#
#.................# .##
########.......##########


You could see a hornet and a black bear.

Vanquished Creatures
  Eustachio (D:6)
  An ice beast (D:5)
  A sky beast (D:6)
  2 black bears
  2 ogres
  A centaur (D:5)
  A phantom (D:5)
  A bullfrog (D:4)
  4 scorpions
  3 killer bees (D:5)
  2 hounds
  An orc priest (D:3)
  A gnoll bouda (D:7)
  Crazy Yiuf (D:3)
  A sleepcap (D:5)
  5 iguanas
  7 gnolls
  6 adders
  An ufetubus (D:5)
  4 worms
  A dart slug (D:1)
  12 orcs
  3 ball pythons
  6 bats
  4 endoplasms
  4 giant cockroaches
  2 goblins
  6 hobgoblins
  A quokka (D:1)
  4 frilled lizards
  6 kobolds
  3 rats
98 creatures vanquished.

Notes
Turn   | Place    | Note
-------+----------+-------------------------------------------
     0 | D:1      | Demosthentine the Demonspawn Gladiator began the quest for
                  | the Orb.
     0 | D:1      | Reached XP level 1. HP: 16/16 MP: 1/1
   157 | D:1      | Gained mutation: You are partially covered in icy blue
                  | scales. (AC +2) [demonic ancestry]
   157 | D:1      | Reached XP level 2. HP: 10/22 MP: 2/2
   663 | D:2      | Reached skill level 1 in Armour
   793 | D:2      | Gained mutation: You have a pair of small horns on your
                  | head. [demonic ancestry]
   793 | D:2      | Reached XP level 3. HP: 28/28 MP: 3/3
  1247 | D:3      | Gained mutation: A meltable shield of frost defends you.
                  | (SH +4) [demonic ancestry]
  1247 | D:3      | Reached XP level 4. HP: 16/34 MP: 4/4
  1377 | D:3      | Identified the +7 mace of Circularity {drain, rCorr Dex+3
                  | SInv}
  1428 | D:3      | Noticed an ogre
  1437 | D:3      | Killed an ogre
  1438 | D:3      | Gained mutation: You are mostly covered in icy blue scales.
                  | (AC +3) [demonic ancestry]
  1438 | D:3      | Reached XP level 5. HP: 9/41 MP: 5/5
  1576 | D:3      | Found a runed translucent door.
  1577 | D:3      | Noticed Crazy Yiuf
  1816 | D:3      | Killed Crazy Yiuf
  2038 | D:4      | Reached XP level 6. HP: 39/47 MP: 6/6
  2252 | D:4      | Found a shadowy altar of Dithmenos.
  2653 | D:4      | Found a radiant altar of Vehumet.
  3201 | D:5      | Entered Level 5 of the Dungeon
  3258 | D:5      | You fall into a shaft and drop 1 floor!
  3328 | D:6      | Gained mutation: You have a pair of horns on your head.
                  | [demonic ancestry]
  3328 | D:6      | Reached XP level 7. HP: 38/54 MP: 7/7
  3409 | D:5      | Found a hide-covered altar of Uskayaw.
  3629 | D:5      | HP: 1/55 [ice beast (14)]
  3641 | D:5      | Reached skill level 5 in Polearms
  3664 | D:5      | Reached skill level 5 in Dodging
  3664 | D:5      | Reached XP level 8. HP: 35/61 MP: 8/8
  3777 | D:5      | Reached skill level 5 in Fighting
  4145 | D:6      | Noticed Eustachio
  4211 | D:6      | Killed Eustachio
  4468 | D:6      | Found a sacrificial altar of Ru.
  4526 | D:6      | Found a staircase to the Ecumenical Temple.
  4545 | Temple   | Entered the Ecumenical Temple
  4596 | Temple   | Became a worshipper of Qazlal Stormbringer
  5130 | D:7      | Reached skill level 5 in Armour
  5177 | D:7      | Found a shimmering altar of Xom.
  5197 | D:7      | Noticed a hornet
  5248 | D:7      | Paralysed by a hornet for 1 turns
  5254 | D:6      | Paralysed by a hornet for 3 turns
  5260 | D:6      | HP: 3/64 [poisoned by a hornet]
  5261 | D:6      | Succumbed to a hornet's poison

Illustrated notes

Levels and vault maps discovered:
D:1:      nzn_arrival_settlement, layout_rooms
D:2:      layout_rooms, amethyst_killhole
D:3:      layout_basic, uniq_crazy_yiuf_cottage
D:4:      layout_basic, nicolae_dithmenos_through_a_glass_darkly,
          mainiacjoe_overflow_alcove_2
D:5:      layout_rooms, nicolae_uskayaw_dance_hall, serial_curves,
          eino_curves_02, eino_curves_01, grunt_decor_cap, st_stairs_4,
          minmay_manual_monstrance
D:6:      layout_loops_ring, general_overflow_altar,
          nicolae_ru_the_path_less_chosen, minmay_temple_entry_waves,
          uniq_eustachio
D:7:      layout_rooms, xom_teletrap_fun, roderic_roman_lattice,
          minmay_misc_feat_ornament
Temple:   hellmonk_temple_of_storms

Skill      XL: |  1  2  3  4  5  6  7  8 |
---------------+-------------------------+-----
Polearms       | 3 4 5 |  5.8
Dodging        | 3 4 5 |  5.8
Armour         | 1 2 3 4 5 |  5.0
Fighting       | 3 4 5 |  5.9
Throwing       | |  1.7

Action                     |  1- 3 |  4- 6 |  7- 9 || total
---------------------------+-------+-------+-------++-------
  Melee: Trident           |   144 |   108 |   250 ||   502
         Punch             |     2 |     3 |     1 ||     6
         Headbutt          |    10 |    24 |    39 ||    73
  Throw: Throwing net      |       |     2 |     3 ||     5
    Use: Scroll            |     2 |     6 |     3 ||    11
         Potion            |     2 |       |     5 ||     7
   Stab: Held in net/web   |       |     3 |       ||     3
         Sleeping          |       |     1 |     2 ||     3
 Armour: Leather armour    |    53 |    17 |    81 ||   151
  Dodge: Dodged            |    84 |    55 |   157 ||   296
  Block: Other             |       |    15 |    44 ||    59

Table legend: (Time is in decaauts)
 A = Elapsed time spent in this place.
 B = Non-inter-level travel time spent in this place.
 C = Inter-level travel time spent in this place.
 D = Time resting spent in this place.
 E = Time spent auto-exploring this place.
 F = Levels seen in this place.
 G = Mean time per level.
                   A        B        C        D        E       F      G
               +--------+--------+--------+--------+--------+-----+--------+
         Total |   5312 |   5183 |    129 |    127 |   3968 |   8 |  664.0 |
       Dungeon |   5241 |   5112 |    129 |    127 |   3944 |   7 |  748.7 |
        Temple |     71 |     71 |      0 |      0 |     24 |   1 |   71.0 |
               +--------+--------+--------+--------+--------+-----+--------+

Top non-repeatable levels by time:
     D:4: 1354 daAuts
     D:6: 969 daAuts
     D:5: 826 daAuts
     D:3: 745 daAuts
     D:1: 637 daAuts
     D:2: 494 daAuts
     D:7: 212 daAuts
  Temple: 71 daAuts
